 Dungeon Crawl Stone Soup version 0.23.0 (webtiles) character file.

Game seed: 4175073504560753903

87 Grim the Gusty (level 4, -6/24 HPs)
             Began as a Tengu Air Elementalist on Feb 16, 2019.
             Mangled by a gnoll (7 damage)
             ... on level 3 of the Dungeon.
             The game lasted 00:05:48 (2342 turns).

Grim the Gusty (Tengu Air Elementalist)             Turns: 2342, Time: 00:05:48

Health: -6/24      AC:  2    Str:  8    XL:     4   Next: 51%
Magic:  2/8        EV: 13    Int: 16    God:
Gold:   79         SH:  0    Dex: 15    Spells: 1/7 levels left

rFire    . . .     SeeInvis .   d - +0 short sword
rCold    . . .     Gourm    .   (no shield)
rNeg     . . .     Faith    .   a - +0 robe
rPois    .         Spirit   .   (helmet restricted)
rElec    .         Reflect  .   (no cloak)
rCorr    .         Harm     .   (no gloves)
MR       .....                  (boots unavailable)
Stlth    ++........             (no amulet)
HPRegen  0.08/turn              (no ring)
MPRegen  0.11/turn              (no ring)

@: swift, very quick
A: beak, talons 3
a: no special abilities


You were on level 3 of the Dungeon.
You were hungry.

You visited 1 branch of the dungeon, and saw 3 of its levels.

You collected 79 gold pieces.

Inventory:

Hand Weapons
 d - a +0 short sword (weapon)
Armour
 a - a +0 robe (worn)
Scrolls
 g - a scroll of enchant weapon {unknown}
 i - a scroll of blinking {unknown}
 k - a scroll of identify {unknown}
Potions
 b - a potion of invisibility {unknown}
 e - a potion of lignification {unknown}
 f - a potion of magic {unknown}
 h - a potion of curing {unknown}
 j - a potion of might {unknown}
Comestibles
 c - 5 rations


   Skills:
 - Level 2.1 Dodging
 - Level 2.0 Stealth
 - Level 2.0 Spellcasting
 + Level 4.0 Conjurations
 + Level 5.6 Air Magic


You had one spell level left.
You knew the following spells:

 Your Spells              Type           Power        Failure   Level  Hunger
a - Shock                 Conj/Air       ###.         3%          1    #......
b - Swiftness             Chrm/Air       ##......     10%         2    ###....
c - Static Discharge      Conj/Air       ###.....     9%          3    ###....

Your spell library contained the following spells:

 Spells                   Type           Power        Failure   Level  Hunger
 Airstrike                Air            ###.......   21%         4    #####..
 Lightning Bolt           Conj/Air       ###.......   63%         5    ######.


Dungeon Overview and Level Annotations

Branches:
Dungeon (3/15)

Altars:


Innate Abilities, Weirdness & Mutations

You have a beak for a mouth.
You have claws for feet.


Message History

Confirm with . or Enter, or press ? or * to list all spells.
Aiming: Shock (safe; 3% risk of failure)
Press: ? - help, Shift-Dir - straight line The zap hits the gnoll.
The gnoll is moderately wounded.
The zap hits the gnoll.
You kill the gnoll!
Your Conjurations skill increases to level 4!
The gnoll hits you!
* * * LOW HITPOINT WARNING * * *
Casting: Shock (safe; 3% risk of failure)
Confirm with . or Enter, or press ? or * to list all spells.
Aiming: Shock (safe; 3% risk of failure)
Press: ? - help, Shift-Dir - straight line
Okay, then.
Okay, then.
Casting: Shock (safe; 3% risk of failure)
Confirm with . or Enter, or press ? or * to list all spells.
You feel quick. The gnoll hits you!
You die...

.
#..........###.#.#.######
.. ##+######'##
#.#.#......# ... + #. #.#
#.#.######.#
....#§#.######.# #.#.#
#.#
...§§§........####.#.#
#.#
P♣♣§§##....♣♣♣♣#...#.#
#.#
♣.§≈PP.♣♣.♣♣♣♣.P.♣.#.#
#.# ♣♣§♣♣♣♣.♣.#
#PP..♣.#.# #.# .§ ♣P.♣##
##@♣...#.# #.#
....♣..#+.$)g#P..#..# #.#
♣.....##.##♣...#..# #.#
♣..♣.♣.♣.###♣†P.♣...# #.#
.P. ♣..♣♣...♣.♣..#.#.#
#.# ..
P.♣P...P♣.♣♣.#..#.# #.#
♣.PPP..♣♣.♣..♣....##.#
#.# ♣.P♣♣♣ ♣.♣.♣§.......#
#.# ..♣ ♣..♣.♣.♣♣.♣.§##.#
#.#


You could see a gnoll.

Vanquished Creatures
  3 adders (D:2)
  A gnoll (D:3)
  4 bats
  A giant cockroach (D:2)
  11 hobgoblins
  8 jackals
  2 quokkas (D:3)
  3 frilled lizards
  6 goblins
  3 kobolds
  4 rats
46 creatures vanquished.

Notes
Turn   | Place    | Note
-------+----------+-------------------------------------------
     0 | D:1      | Grim the Tengu Air Elementalist began the quest for the
                  | Orb.
     0 | D:1      | Reached XP level 1. HP: 10/10 MP: 4/4
   184 | D:1      | Reached XP level 2. HP: 12/15 MP: 1/6
   787 | D:2      | Learned a level 2 spell: Swiftness
   968 | D:2      | Reached XP level 3. HP: 19/19 MP: 3/7
  1171 | D:2      | Reached skill level 5 in Air Magic
  1431 | D:2      | Reached XP level 4. HP: 12/24 MP: 2/8
  1654 | D:2      | Learned a level 3 spell: Static Discharge
  2341 | D:3      | HP: 1/24 [gnoll (8)]
  2342 | D:3      | Mangled by a gnoll

Skill      XL: |  1  2  3  4 |
---------------+-------------+-----
Conjurations   | 2 3 4 |  4.0
Air Magic      | 5 |  5.6
Dodging        | |  2.1
Stealth        | |  2.0
Spellcasting   | |  2.0

Action                   |  1- 3 |  4- 6 || total
-------------------------+-------+-------++-------
Melee: Unarmed           |     1 |       ||     1
       Kick              |     1 |       ||     1
       Short sword       |     9 |       ||     9
       Peck              |     1 |       ||     1
 Cast: Shock             |    66 |    18 ||    84
       Swiftness         |       |     1 ||     1
  Eat: Chunk             |     3 |     2 ||     5
Armor: Robe              |     3 |       ||     3
Dodge: Dodged            |    18 |     1 ||    19
